 Dungeon Crawl Stone Soup version 0.31-a0-549-gf98fd537a9 (console) character file.

Game seed: 15375739036572325286

8103 Ignak the Thaumaturge (level 11, 0/81 HPs)
             Began as a Gnoll Air Elementalist on Aug 16, 2023.
             Was a Believer of Sif Muna.
             Killed by divine providence
             ... invoked by an orc priest
              (14 damage)
             ... on level 10 of the Dungeon.
             The game lasted 00:30:01 (10803 turns).

Ignak the Thaumaturge (Gnoll Air Elementalist)     Turns: 10803, Time: 00:30:02

Health: 0/81       AC:  9    Str:  7    XL:     11   Next: 25%
Magic:  21/23      EV: 15    Int: 18    God:    Sif Muna [**....]
Gold:   491        SH:  0    Dex: 14    Spells: 7/26 levels left

rFire   + . .        l - +4 dire flail (freeze)
rCold   . . .        (shield currently unavailable)
rNeg    . . .        F - +1 steam dragon scales
rPois   +            (no helmet)
rElec   .            c - +0 cloak
rCorr   .            K - +0 pair of gloves
SInv    .            (no boots)
Will    .....        (no amulet)
Stlth   ++++         J - ring of poison resistance
HPRegen 0.33/turn    s - ring of protection from fire
MPRegen 0.18/turn

%: no passive effects
@: no status effects
A: fangs 1, strong nose, distributed training
a: Renounce Religion, Channel Magic


You were on level 10 of the Dungeon.
You worshipped Sif Muna.
Sif Muna was pleased with you.
You visited 2 branches of the dungeon, and saw 11 of its levels.

You collected 569 gold pieces.
You spent 78 gold pieces at shops.

Inventory:

Hand Weapons
 a - a +2 sling of flaming
 b - a +2 flail of protection
 j - a +4 short sword
 l - a +4 dire flail of freezing (weapon)
 t - a +0 dagger of electrocution
 E - a +1 glaive of flaming
 R - a +2 great mace of holy wrath
Missiles
 i - 24 poisoned darts (quivered)
Armour
 c - a +0 cloak (worn)
 F - +1 steam dragon scales (worn)
 K - a +0 pair of gloves (worn)
 O - a +2 robe of willpower
 Q - a +0 leather armour of fire resistance
Magical Staves
 p - a staff of conjuration
 u - a staff of earth
 x - a staff of air
 L - a staff of fire
Jewellery
 o - a ring of willpower
 s - a ring of protection from fire (right hand)
 y - a ring of ice
 H - a ring of resist corrosion
 J - a ring of poison resistance (left hand)
Wands
 D - a wand of roots (19)
 G - a wand of flame (27)
 P - a wand of polymorph (3)
Scrolls
 e - 2 scrolls of revelation {unknown}
 r - a scroll of poison {unknown}
 v - a scroll of fog
 z - a scroll of immolation
 A - 3 scrolls of enchant weapon
 B - 3 scrolls of amnesia {unknown}
 C - 3 scrolls of enchant armour {unknown}
 I - a scroll of teleportation
Potions
 d - a potion of ambrosia {unknown}
 f - 5 potions of lignification
 g - a potion of mutation
 h - 3 potions of enlightenment
 k - 3 potions of magic
 m - a potion of brilliance
 n - 2 potions of curing
 q - a potion of attraction {unknown}
 w - 2 potions of berserk rage
 M - a potion of cancellation {unknown}
 N - a potion of haste {unknown}


   Skills:
 + Level 6.2 Fighting
 + Level 6.2 Short Blades
 + Level 6.2 Long Blades
 + Level 6.2 Axes
 + Level 6.2 Maces & Flails
 + Level 6.2 Polearms
 + Level 6.2 Staves
 + Level 6.2 Ranged Weapons
 + Level 6.2 Throwing
 + Level 6.2 Armour
 + Level 7.8 Dodging
 + Level 7.6 Stealth
 + Level 6.2 Shields
 + Level 6.2 Unarmed Combat
 + Level 8.1 Spellcasting
 + Level 5.6 Conjurations
 + Level 5.1 Hexes
 + Level 5.1 Summonings
 + Level 5.1 Necromancy
 + Level 5.1 Translocations
 + Level 5.1 Transmutations
 + Level 5.1 Fire Magic
 + Level 5.1 Ice Magic
 + Level 7.6 Air Magic
 + Level 5.1 Earth Magic
 + Level 5.1 Poison Magic
 + Level 6.8 Invocations
 + Level 6.2 Evocations
 + Level 5.1 Shapeshifting


You had 7 spell levels left.
You knew the following spells:

 Your Spells              Type           Power      Damage    Failure   Level
a - Shock                 Conj/Air       100%       1d9       1%          1
b - Blink                 Tloc           50%        N/A       1%          2
c - Anguish               Hex/Necr       12%        N/A       12%         4
d - Mephitic Cloud        Conj/Pois/Air  29%        N/A       2%          3
e - Call Imp              Summ           50%        N/A       1%          2
f - Static Discharge      Conj/Air       62%        2-5/arc   1%          2
g - Swiftness             Air            34%        N/A       1%          3
t - Passwall              Tmut/Erth      20%        N/A       1%          2

Your spell library contained the following spells:

 Spells                   Type           Power      Damage    Failure   Level
 Foxfire                  Conj/Fire      100%       2x1d9     1%          1
 Magic Dart               Conj           100%       1d8       1%          1
 Sandblast                Erth           50%        2d12      1%          1
 Ensorcelled Hibernation  Hex/Ice        50%        N/A       1%          2
 Lesser Beckoning         Tloc           50%        N/A       1%          2
 Wereblood                Tmut           25%        N/A       1%          2
 Call Canine Familiar     Summ           25%        N/A       3%          3
 Gell's Gravitas          Tloc           25%        N/A       3%          3
 Portal Projectile        Hex/Tloc       50%        N/A       3%          3
 Stone Arrow              Conj/Erth      52%        3d10      3%          3
 Summon Guardian Golem    Hex/Summ       25%        N/A       3%          3
 Teleport Other           Tloc           25%        N/A       3%          3
 Airstrike                Air            17%        2d(3-19)  4%          4
 Leda's Liquefaction      Hex/Erth       12%        N/A       12%         4
 Irradiate                Conj/Tmut      13%        3d16      28%         5
 Plasma Beam              Fire/Air       15%        2x1d26    71%         6
 Starburst                Conj/Fire      13%        6d5       85%         6
 Orb of Destruction       Conj           13%        9d7       100%        7
 Spellforged Servitor     Conj/Summ      13%        N/A       100%        7


Dungeon Overview and Level Annotations

Branches:
Dungeon (10/15)            Temple (1/1) D:6
   Lair: D:8-11         Orc: D:9-12

Altars:
Ashenzari
Cheibriados
Dithmenos
Elyvilon
Fedhas
Gozag
Hepliaklqana
Kikubaaqudgha
Makhleb
Nemelex Xobeh
Okawaru
Qazlal
Ru
Sif Muna
Trog
Uskayaw
Vehumet
Wu Jian
Xom
Yredelemnul
Zin
The Shining One

Shops:
D:5 :

Annotations:
D:9 1 transporter


Innate Abilities, Weirdness & Mutations

You have very sharp teeth.
Your uncanny sense of smell can sniff out nearby items.
Your experience applies equally to all skills.


Message History

You are too injured to fight recklessly!
You are too injured to fight recklessly!
You are too injured to fight recklessly!
You are too injured to fight recklessly!
You puncture the orc priest! You freeze the orc priest.
The orc priest is heavily wounded.
The kobold misses you. The orc priest closely misses you.
The orc warrior hits you from afar with a +0 glaive!
You closely miss the orc priest.
The orc priest is heavily wounded.
The kobold hits you but does no damage.
An orc comes into view. It is wielding a +0 dagger.
The orc priest barely misses you.
The orc warrior hits you from afar with a +0 glaive.
* * * LOW HITPOINT WARNING * * *
The kobold attacks as you move away! The kobold hits you but does no damage.
Unknown command.
Casting: Mephitic Cloud (mildly dangerous; 2% risk of failure)
Confirm with . or Enter, or press ? or * to list all spells.
Aiming: Mephitic Cloud (mildly dangerous; 2% risk of failure)
Press: ? - help, Shift-Dir - straight line, f - kobold
Aim: a kobold, wielding a +0 short sword and quivering stones (chance to affect: 96%)
The ball explodes into a vile cloud!
The stinking cloud engulfs the kobold but does no damage.
The stinking cloud engulfs the orc priest but does no damage.
The orc priest is heavily wounded.
The stinking cloud engulfs you but does no damage.
The orc shouts!
The kobold is engulfed in noxious fumes.
The kobold appears confused.
The kobold barely misses you.
The orc priest calls down the wrath of Beogh upon you.
Beogh smites you!
* * * LOW HITPOINT WARNING * * *
The kobold is engulfed in noxious fumes.
The kobold appears confused.
The kobold is engulfed in noxious fumes.
The kobold appears confused.
The orc priest invokes the aid of Beogh against you.
Beogh smites you!
You die...

#..######.#.#
#oo.......#.#
#o######..#.# # .#
#.######..#.# #
#...###°)^......#.####
#
#....................#
#
###.###K######..####.#
# #.######..# #.# #
#@##...<..# #.# #
#.##.###.## #.# #
#........#####.###
####.###.....#.... ∆
........# #<###.#.###
######### #.###.#....
#).........
#####.#.### #.#># #


You could see an orc warrior, an orc priest, an orc and a kobold (confused).

Vanquished Creatures
  A two-headed ogre (D:9)
  An ugly thing (D:8)
  Maggie (D:6)
  A kobold demonologist (D:9)
  2 trolls
  Grinder (D:3)
  Prince Ribbit (D:7)
  A wraith (D:9)
  2 wyverns (D:8)
  7 yaks
  A steam dragon (D:9)
  A hog (shapeshifter) (D:10)
  An acid dragon (D:9)
  Duvessa (D:7)
  2 sky beasts (D:6)
  2 black bears (D:6)
  3 orc warriors
  2 ice beasts (D:6)
  A centaur (D:10)
  A phantom (D:5)
  4 kobold brigands
  2 bullfrogs
  2 scorpions (D:5)
  2 wights
  Dowan (D:7)
  A howler monkey (D:9)
  A hound (D:5)
  A gnoll bouda (D:7)
  6 orc priests
  Ijyb (D:3)
  Terence (D:3)
  5 iguanas
  9 orc wizards
  4 adders
  4 gnolls
  3 shadow imps
  2 white imps (D:6)
  2 ufetubi
  2 worms
  3 dart slugs
  45 orcs
  11 ball pythons
  10 endoplasms
  6 giant cockroaches
  10 goblins
  9 hobgoblins
  4 quokkas
  2 bats
  5 frilled lizards
  23 kobolds
  6 rats
220 creatures vanquished.

Vanquished Creatures (collateral kills)
  A hound (D:4)
  A quokka (D:4)
2 creatures vanquished.

Vanquished Creatures (others)
  An ogre mage (D:10)
  A two-headed ogre (D:10)
  A centaur (D:9)
  A kobold (D:9)
4 creatures vanquished.

Grand Total: 226 creatures vanquished

Notes
Turn   | Place    | Note
-------+----------+-------------------------------------------
     0 | D:1      | Ignak the Gnoll Air Elementalist began the quest for the
                  | Orb.
     0 | D:1      | Reached XP level 1. HP: 13/13 MP: 6/6
    18 | D:1      | Reached XP level 2. HP: 19/19 MP: 2/7
   336 | D:1      | Reached skill level 5 in Spellcasting
   336 | D:1      | Reached XP level 3. HP: 25/25 MP: 7/9
   546 | D:1      | Reached skill level 1 in Invocations
   863 | D:1      | Reached skill level 1 in Fighting
   863 | D:1      | Reached skill level 1 in Short Blades
   863 | D:1      | Reached skill level 1 in Long Blades
   863 | D:1      | Reached skill level 1 in Axes
   863 | D:1      | Reached skill level 1 in Maces & Flails
   863 | D:1      | Reached skill level 1 in Polearms
   863 | D:1      | Reached skill level 1 in Staves
   863 | D:1      | Reached skill level 1 in Ranged Weapons
   863 | D:1      | Reached skill level 1 in Throwing
   863 | D:1      | Reached skill level 1 in Armour
   863 | D:1      | Reached skill level 1 in Shields
   863 | D:1      | Reached skill level 1 in Unarmed Combat
   863 | D:1      | Reached skill level 1 in Evocations
   866 | D:1      | Learned a level 2 spell: Static Discharge
   870 | D:1      | Learned a level 3 spell: Swiftness
   951 | D:2      | Reached XP level 4. HP: 32/32 MP: 11/11
  1309 | D:2      | Found a faded altar of an unknown god.
  2104 | D:3      | Noticed Grinder
  2121 | D:3      | Killed Grinder
  2122 | D:3      | Reached skill level 1 in Hexes
  2122 | D:3      | Reached skill level 1 in Summonings
  2122 | D:3      | Reached skill level 1 in Necromancy
  2122 | D:3      | Reached skill level 1 in Translocations
  2122 | D:3      | Reached skill level 1 in Transmutations
  2122 | D:3      | Reached skill level 1 in Fire Magic
  2122 | D:3      | Reached skill level 1 in Ice Magic
  2122 | D:3      | Reached skill level 1 in Earth Magic
  2122 | D:3      | Reached skill level 1 in Poison Magic
  2122 | D:3      | Reached skill level 1 in Shapeshifting
  2122 | D:3      | Reached XP level 5. HP: 4/38 MP: 7/12
  2122 | D:3      | Reached XP level 6. HP: 5/44 MP: 8/14
  2277 | D:3      | Noticed Ijyb
  2301 | D:3      | Killed Ijyb
  2302 | D:3      | Reached skill level 5 in Dodging
  2563 | D:3      | Noticed Terence
  2572 | D:3      | Killed Terence
  3062 | D:4      | Learned a level 2 spell: Call Imp
  3066 | D:4      | Learned a level 3 spell: Mephitic Cloud
  3240 | D:4      | Reached XP level 7. HP: 34/50 MP: 15/15
  4245 | D:5      | Entered Level 5 of the Dungeon
  4271 | D:5      | Reached skill level 5 in Stealth
  4535 | D:5      | Found Kyteuc's Tiny Tomes.
  5146 | D:5      | Reached XP level 8. HP: 57/57 MP: 16/16
  5367 | D:6      | Found a staircase to the Ecumenical Temple.
  5384 | Temple   | Entered the Ecumenical Temple
  5498 | D:6      | Reached skill level 6 in Spellcasting
  5530 | D:5      | Bought Fuypro's Anthology of the Excursion for 78 gold
                  | pieces
  5533 | D:5      | Learned a level 2 spell: Blink
  5613 | D:6      | Found a glowing golden altar of the Shining One.
  5709 | D:6      | Found a shimmering blue altar of Sif Muna.
  5722 | D:6      | Noticed Maggie
  5730 | D:6      | Became a worshipper of Sif Muna the Loreminder
  5754 | D:6      | Killed Maggie
  5932 | D:6      | Noticed a troll
  5957 | D:6      | Killed a troll
  5958 | D:6      | Reached XP level 9. HP: 25/65 MP: 9/18
  6802 | D:7      | Noticed Duvessa
  6814 | D:7      | Noticed Dowan
  6818 | D:7      | Killed Duvessa
  6823 | D:7      | Killed Dowan
  6856 | D:7      | Reached * piety under Sif Muna
  6918 | D:7      | Noticed Prince Ribbit
  7034 | D:7      | Killed Prince Ribbit
  7035 | D:7      | Reached skill level 5 in Invocations
  7607 | D:8      | Reached skill level 7 in Spellcasting
  7782 | D:8      | Reached XP level 10. HP: 57/73 MP: 18/20
  7994 | D:8      | Reached skill level 5 in Fighting
  7994 | D:8      | Reached skill level 5 in Short Blades
  7994 | D:8      | Reached skill level 5 in Long Blades
  7994 | D:8      | Reached skill level 5 in Axes
  7994 | D:8      | Reached skill level 5 in Maces & Flails
  7994 | D:8      | Reached skill level 5 in Polearms
  7994 | D:8      | Reached skill level 5 in Staves
  7994 | D:8      | Reached skill level 5 in Ranged Weapons
  7994 | D:8      | Reached skill level 5 in Throwing
  7994 | D:8      | Reached skill level 5 in Armour
  7994 | D:8      | Reached skill level 5 in Shields
  7994 | D:8      | Reached skill level 5 in Unarmed Combat
  7994 | D:8      | Reached skill level 5 in Evocations
  8008 | D:8      | Learned a level 4 spell: Anguish
  8082 | D:8      | Noticed a red ugly thing
  8094 | D:8      | Killed a red ugly thing
  8219 | D:9      | Noticed a kobold demonologist
  8228 | D:9      | Killed a kobold demonologist
  8240 | D:9      | Reached ** piety under Sif Muna
  8266 | D:9      | Found a transporter.
  8266 | D:9      | Noticed a centaur warrior
  8266 | D:9      | Noticed a two-headed ogre
  8267 | D:9      | Noticed a cyan ugly thing
  8311 | D:9      | Reached skill level 5 in Conjurations
  9077 | D:9      | Learned a level 2 spell: Passwall
  9169 | D:9      | Found a transporter.
  9172 | D:9      | Noticed a manticore
  9720 | D:10     | Entered Level 10 of the Dungeon
  9724 | D:10     | Noticed a two-headed ogre
  9753 | D:10     | Killed a two-headed ogre
  9753 | D:10     | Noticed a two-headed ogre
  9821 | D:9      | Reached XP level 11. HP: 27/81 MP: 18/22
 10074 | D:9      | Killed a two-headed ogre
 10075 | D:9      | Reached skill level 8 in Spellcasting
 10075 | D:9      | Reached skill level 5 in Hexes
 10075 | D:9      | Reached skill level 5 in Summonings
 10075 | D:9      | Reached skill level 5 in Necromancy
 10075 | D:9      | Reached skill level 5 in Translocations
 10075 | D:9      | Reached skill level 5 in Transmutations
 10075 | D:9      | Reached skill level 5 in Fire Magic
 10075 | D:9      | Reached skill level 5 in Ice Magic
 10075 | D:9      | Reached skill level 5 in Earth Magic
 10075 | D:9      | Reached skill level 5 in Poison Magic
 10075 | D:9      | Reached skill level 5 in Shapeshifting
 10443 | D:10     | Noticed a cyclops
 10652 | D:10     | Noticed an ogre mage
 10661 | D:10     | Paralysed by an ogre mage for 5 turns
 10675 | D:10     | Killed an ogre mage
 10803 | D:10     | Killed from afar by an orc priest

Illustrated notes

Levels and vault maps discovered:
D:1:      roderic_crossed_star, layout_loops_ring, minmay_misc_feat_plants
D:2:      layout_basic, chequers_ecumenical_altar_lobes, nicolae_wormholes
D:3:      layout_rooms, lightli_corner_chamber, uniq_ijyb, uniq_grinder,
          uniq_terence
D:4:      layout_loops_ring, minivault_24, kennysheep_nub, grunt_ministairs_5,
          dreamdust_gnoll_farm
D:5:      layout_basic, chequers_serial_rivers_room_a, nrook_mini_vaults,
          nicolae_shop_i_like_small_books_too, minivault_4
D:6:      layout_loops_cross, mainiacjoe_overflow_catch_the_wave,
          minmay_temple_entry_offerings, st_stairs_3, uniq_maggie
D:7:      layout_rooms, uniq_duvessa, uniq_prince_ribbit1
D:8:      layout_rooms
D:9:      gammafunk_the_bubble [the_bubble_gammafunk_split], layout_basic
D:10:     minmay_sliced_demisemicircle, layout_loops_ring, dpeg_oklobed_lair
Temple:   mainiacjoe_temple_big_plus

Skill      XL: |  1  2  3  4  5  6  7  8  9 10 11 |
---------------+----------------------------------+-----
Conjurations   | 2 3 4 5 |  5.6
Spellcasting   | 5 6 7 8 |  8.1
Invocations    | 1 2 3 4 5 6 |  6.8
Fighting       | 1 2 3 4 5 6 |  6.2
Short Blades   | 1 2 3 4 5 6 |  6.2
Long Blades    | 1 2 3 4 5 6 |  6.2
Axes           | 1 2 3 4 5 6 |  6.2
Maces & Flails | 1 2 3 4 5 6 |  6.2
Polearms       | 1 2 3 4 5 6 |  6.2
Staves         | 1 2 3 4 5 6 |  6.2
Ranged Weapons | 1 2 3 4 5 6 |  6.2
Throwing       | 1 2 3 4 5 6 |  6.2
Armour         | 1 2 3 4 5 6 |  6.2
Shields        | 1 2 3 4 5 6 |  6.2
Unarmed Combat | 1 2 3 4 5 6 |  6.2
Evocations     | 1 2 3 4 5 6 |  6.2
Hexes          | 1 2 3 4 5 |  5.1
Summonings     | 1 2 3 4 5 |  5.1
Necromancy     | 1 2 3 4 5 |  5.1
Translocations | 1 2 3 4 5 |  5.1
Transmutations | 1 2 3 4 5 |  5.1
Fire Magic     | 1 2 3 4 5 |  5.1
Ice Magic      | 1 2 3 4 5 |  5.1
Earth Magic    | 1 2 3 4 5 |  5.1
Poison Magic   | 1 2 3 4 5 |  5.1
Shapeshifting  | 1 2 3 4 5 |  5.1
Dodging        | 5 6 7 |  7.8
Stealth        | 5 6 7 |  7.6
Air Magic      | 6 7 |  7.6

Action                     |  1- 3 |  4- 6 |  7- 9 | 10-12 || total
---------------------------+-------+-------+-------+-------++-------
  Melee: Club              |    34 |       |       |       ||    34
         Bite              |     6 |     7 |    49 |    26 ||    88
         Punch             |     1 |     1 |    12 |       ||    14
         Flail             |       |    67 |   244 |       ||   311
         Staff             |       |       |    71 |     1 ||    72
         Dire flail        |       |       |    25 |   152 ||   177
         Unarmed           |       |       |       |     4 ||     4
   Fire: Sling             |    59 |    83 |    27 |     4 ||   173
  Throw: Dart              |       |       |     5 |       ||     5
   Cast: Shock             |    16 |       |     6 |       ||    22
         Static Discharge  |       |     3 |    16 |     1 ||    20
         Mephitic Cloud    |       |       |    25 |    20 ||    45
         Call Imp          |       |       |     5 |     4 ||     9
         Swiftness         |       |       |     2 |     1 ||     3
         Blink             |       |       |     5 |    14 ||    19
         Anguish           |       |       |       |    19 ||    19
 Invoke: Channel Magic     |       |       |       |     2 ||     2
  Evoke: Wand              |       |     3 |    13 |     4 ||    20
    Use: Potion            |       |     2 |     3 |     1 ||     6
         Scroll            |       |     3 |     3 |     4 ||    10
   Stab: Sleeping          |     2 |     6 |     2 |       ||    10
         Confused          |       |       |    14 |     8 ||    22
 Armour: Robe              |    24 |    25 |    28 |       ||    77
         Ring mail         |       |       |    46 |       ||    46
         Steam dragon scal |       |       |    69 |    39 ||   108
  Dodge: Dodged            |    57 |    88 |   312 |   162 ||   619

Table legend: (Time is in decaauts)
 A = Elapsed time spent in this place.
 B = Non-inter-level travel time spent in this place.
 C = Inter-level travel time spent in this place.
 D = Time resting spent in this place.
 E = Time spent auto-exploring this place.
 F = Levels seen in this place.
 G = Mean time per level.
                   A        B        C        D        E       F      G
               +--------+--------+--------+--------+--------+-----+--------+
         Total |  10970 |  10681 |    289 |   2067 |   4972 |  11 |  997.3 |
       Dungeon |  10872 |  10583 |    289 |   2067 |   4972 |  10 | 1087.2 |
        Temple |     97 |     97 |      0 |      0 |      0 |   1 |   97.0 |
               +--------+--------+--------+--------+--------+-----+--------+

Top non-repeatable levels by time:
     D:9: 2131 daAuts
     D:6: 1411 daAuts
     D:4: 1387 daAuts
     D:2: 1245 daAuts
     D:5: 1146 daAuts
     D:1: 867 daAuts
     D:3: 857 daAuts
     D:7: 718 daAuts
     D:8: 624 daAuts
    D:10: 483 daAuts
  Temple: 97 daAuts
